 Dungeon Crawl Stone Soup version 0.30.1 (webtiles) character file.

Game seed: 12211133547893732126

593 H0rd4k the Sneak (level 7, 0/67 HPs)
             Began as an Octopode Artificer on July 3, 2023.
             Succumbed to a scorpion's poison
             ... on level 4 of the Dungeon.
             The game lasted 00:06:11 (3710 turns).

H0rd4k the Sneak (Octopode Artificer)               Turns: 3710, Time: 00:06:12

Health: 0/67       AC: 23    Str: 11    XL:     7   Next: 39%
Magic:  7/7        EV:  2    Int: 16    God:
Gold:   168        SH:  0    Dex: 12    Spells: 6/6 levels left

rFire   . .          .
                       - Unarmed
rCold   . . .        (no shield)
rNeg    . . .        (helmet currently unavailable)
rPois   +            (no amulet)
rElec   .            l - ring of see invisible
rCorr   .            m - +5 ring of evasion
SInv    +            (no ring)
Will    .....        (no ring)
Stlth   +++          (no ring)
HPRegen 0.31/turn    (no ring)
MPRegen 0.10/turn    (no ring)
                     (no ring)

%: no passive effects
@: brilliant, lethally poisoned (0 -> -9), tree-form
A: stationary, stasis, torment immunity, boosted hp, almost no armour,
(amphibious), 8 rings, (camouflage 1), (gelatinous body 1), (nimble swimmer 1),
(tentacles)
a: no special abilities


You were on level 4 of the Dungeon.
You were a tree.
You visited 1 branch of the dungeon, and saw 4 of its levels.
You also visited: Sewer.

You collected 168 gold pieces.

Inventory:

Jewellery
 l - a ring of see invisible (left branch)
 m - a +5 ring of evasion (right branch)
 C - an amulet of magic regeneration
Wands
 b - a wand of flame (44) (quivered)
 c - a wand of charming (9)
 d - a wand of iceblast (4)
 x - a wand of mindburst (21)
Scrolls
 g - 2 scrolls of brand weapon
 i - a scroll of immolation {unknown}
 j - 7 scrolls of identify
 k - 2 scrolls of teleportation
 o - a scroll of enchant armour {unknown}
 q - a scroll of summoning
 r - a scroll of noise {unknown}
 t - 3 scrolls of enchant weapon
 v - 2 scrolls of vulnerability {unknown}
 y - 2 scrolls of poison {unknown}
Potions
 a - 2 potions of lignification
 e - 2 potions of magic
 f - a potion of might {unknown}
 h - a potion of mutation {unknown}
 n - a potion of heal wounds {unknown}
 p - 4 potions of brilliance
 s - a potion of degeneration {unknown}
 u - a potion of ambrosia {unknown}
 w - a potion of curing {unknown}
 z - 2 potions of invisibility {unknown}
 A - a potion of flight {unknown}
 B - a potion of cancellation {unknown}


   Skills:
 + Level 2.0 Fighting
 + Level 4.0 Dodging
 + Level 5.8 Stealth
 + Level 4.7 Unarmed Combat
 + Level 3.9 Evocations


You had 6 spell levels left.
You didn't know any spells.
Your spell library contained the following spells:

 Spells                   Type           Power      Damage    Failure   Level
 Ozocubu's Armour         Ice            0%         N/A       58%         3
 Ozocubu's Refrigeration  Ice            0%         4d7       100%        7


Dungeon Overview and Level Annotations

Branches:
Dungeon (4/15)              Sewer (visited)
 Temple: D:4-7

Altars:
Cheibriados
Wu Jian

Annotations:
D:3 Duvessa
D:4 1 transporter, exclusion: steam dragon


Innate Abilities, Weirdness & Mutations

You are a tree.
Your roots penetrate the ground, keeping you stationary.
You cannot be teleported.
You are immune to unholy pain and torment.
Your maximum health is greatly increased.
You cannot wear most types of armour.
((You are amphibious.))
You can wear up to eight rings at the same time.
((Your skin changes colour to match your surroundings (Stealth+).))
((Your rubbery body absorbs attacks. (AC +1, EV +1)))
((You are camouflaged when in or above water. (Stealth+)))
((You have tentacles for arms and can constrict up to eight enemies at once.))


Message History

The scorpion is lightly wounded.
You constrict the scorpion.
You feel very sick. The scorpion stings you.
You are more poisoned.
The scorpion poisons you!
You tentacle-slap the scorpion.
You squeeze the scorpion, but do no damage.
The scorpion is heavily wounded.
You constrict the scorpion.
You feel very sick. The scorpion stings you.
You are lethally poisoned!
The scorpion poisons you!
You tentacle-slap the scorpion.
The scorpion is severely wounded.
You constrict the scorpion, but do no damage.
You feel very sick. The scorpion completely misses you.
You completely miss the scorpion. You squeeze the scorpion.
You kill the scorpion!
* * * LOW HITPOINT WARNING * * *
You feel very sick.
Your Fighting skill increases to level 2!
Your Dodging skill increases to level 4!
* * * LOW HITPOINT WARNING * * *
You feel very sick.
You see here a scorpion corpse.
There is a lethal amount of poison in your body!
There is a lethal amount of poison in your body!
It was a potion of magic.
Magic courses through your body.
* * * LOW HITPOINT WARNING * * *
You feel very sick.
It was a potion of lignification.
You turn into a tree.
Your roots penetrate the ground.
* * * LOW HITPOINT WARNING * * *
You feel sick.
It was a potion of brilliance.
You feel clever all of a sudden.
You die...

...###
#............##..#.#
####
#.###..########..#.#
#..########..# #
#............#
#..#########.# #..#
.# #..# .# #..# #.♣#
#?.#
##########.####.>#
..................
######.##..####.#. #
#.# # ## .. # #.# ..
. .$. ... ## ...


There were no monsters in sight!

Vanquished Creatures
  A scorpion (D:4)
  2 bullfrogs (Sewer)
  An iron imp (D:3)
  A hound (D:4)
  An orc priest (D:4)
  A sleepcap (D:3)
  An orc wizard (D:4)
  7 adders
  5 river rats (Sewer)
  An ufetubus (D:3)
  5 worms (D:3)
  3 dart slugs
  5 orcs
  8 endoplasms
  2 giant cockroaches
  4 goblins
  4 hobgoblins
  5 jackals
  A quokka (D:4)
  10 ball pythons
  10 frilled lizards
  8 kobolds
  27 rats
113 creatures vanquished.

Vanquished Creatures (collateral kills)
  Dowan (D:4)
  2 adders (Sewer)
  A ball python (Sewer)
  An endoplasm (Sewer)
  A frilled lizard (Sewer)
6 creatures vanquished.

Vanquished Creatures (others)
  Sigmund (D:4)
1 creature vanquished.

Grand Total: 120 creatures vanquished

Notes
Turn   | Place    | Note
-------+----------+-------------------------------------------
     0 | D:1      | H0rd4k the Octopode Artificer began the quest for the Orb.
     0 | D:1      | Reached XP level 1. HP: 13/13 MP: 1/1
   276 | D:1      | Reached XP level 2. HP: 6/18 MP: 2/2
   360 | D:1      | Reached skill level 2 in Stealth
   944 | D:2      | Reached XP level 3. HP: 17/23 MP: 3/3
  1173 | D:2      | Reached skill level 1 in Unarmed Combat
  1269 | D:2      | Reached skill level 3 in Stealth
  1269 | D:2      | Reached XP level 4. HP: 25/28 MP: 4/4
  1924 | D:3      | Found a glowing drain.
  1990 | Sewer    | Entered a sewer
  2036 | Sewer    | Reached XP level 5. HP: 24/33 MP: 5/5
  2354 | Sewer    | Reached skill level 4 in Stealth
  2535 | Sewer    | Reached XP level 6. HP: 33/38 MP: 6/6
  2778 | D:3      | Found a snail-covered altar of Cheibriados.
  2861 | D:3      | Reached skill level 5 in Stealth
  3164 | D:4      | Noticed a steam dragon
  3223 | D:4      | Reached XP level 7. HP: 33/44 MP: 7/7
  3411 | D:4      | Found an ornate altar of the Wu Jian Council.
  3412 | D:4      | Noticed Duvessa
  3416 | D:4      | Noticed Dowan
  3424 | D:4      | Killed Dowan
  3452 | D:4      | Noticed Sigmund
  3503 | D:4      | Your ally Sigmund died
  3607 | D:4      | Found a transporter.
  3611 | D:4      | Noticed a fire bat
  3611 | D:4      | Noticed a fire bat
  3709 | D:4      | HP: 3/67 [poisoned by a scorpion]
  3710 | D:4      | Succumbed to a scorpion's poison

Illustrated notes

Levels and vault maps discovered:
D:1:      eino_arrival_water_star, layout_basic
D:2:      layout_loops_ring, nicolae_half_adder
D:3:      layout_loops_ring, slow_altar_1, cheibrodos_sewer_entry_bend
D:4:      gammafunk_cloud_chamber, layout_loops_ring,
          nicolae_wu_jian_wuxing_cycle, mrwooster_statue_mirror, uniq_sigmund,
          uniq_duvessa

Skill      XL: |  1  2  3  4  5  6  7 |
---------------+----------------------+-----
Stealth        | 2 3 4 5 |  5.8
Dodging        | 3 4 |  4.0
Unarmed Combat | 1 2 3 4 |  4.7
Fighting       | 2 |  2.0
Evocations     | |  3.9

Action                     |  1- 3 |  4- 6 |  7- 9 || total
---------------------------+-------+-------+-------++-------
  Melee: Unarmed           |    86 |   190 |    22 ||   298
         Constrict         |    19 |    49 |     4 ||    72
         Tentacles         |    10 |    36 |     8 ||    54
         Punch             |     2 |     6 |       ||     8
  Evoke: Wand              |       |     4 |     4 ||     8
    Use: Scroll            |       |       |     5 ||     5
         Potion            |       |       |     3 ||     3
   Stab: Sleeping          |    14 |    13 |     2 ||    29
 Armour: Skin              |     6 |     8 |     2 ||    16
  Dodge: Dodged            |    43 |   147 |    10 ||   200
